AoeStats
← _vishi_

Black Forest

503200882Analyzed
4v4 RM · 1mo ago on Aug 30, 2026· 21m 18s· 8 players
Game mode
Random Map
Map size
Large (8 player)
Population
200
Speed
Normal
Resources
Standard
Victory
Conquest
Starting age
Dark Age
Ending age
Imperial Age
RankedLock teamsTeams togetherTeam positionsShared explorationLock speedFull tech treeHidden civsTurbo modeCheats
Victory
Defeat
🇫🇮 Ethiopians · Finland
1511
+13
🇨🇦 Japanese · Canada
1508
+13
🇳🇱 Chinese · Netherlands
1508
+13
🇨🇦 Cumans · Canada
1484
+15
🇩🇪 Mongols · Germany
1522
-17
🇩🇪 Persians · Germany
1448
-14
🇮🇳 Ethiopians · India
1438
-13
🇩🇪 Lithuanians · Germany
1401
-11
LogsandBoats
0:27 Loom
11:04 Feudal Age
13:35 Double-Bit Axe
13:31 Horse Collar
16:43 Fletching
20:48 Wheelbarrow
thaebS
10:45 Feudal Age
14:28 Castle Age
12:23 Double-Bit Axe
12:30 Horse Collar
15:33 Heavy Plow
19:21 Loom
21:32 Wheelbarrow
Liquid Lead
4:28 Loom
9:30 Feudal Age
10:15 Double-Bit Axe
17:09 Wheelbarrow
18:23 Horse Collar
18:52 Town Watch
WittedGnat
9:21 Feudal Age
9:59 Double-Bit Axe
11:22 Town Watch
14:59 Castle Age
13:40 Horse Collar
16:01 Bow Saw
16:34 Fletching
18:11 Loom
The Viper Fanboy
10:05 Feudal Age
13:40 Castle Age
12:30 Fletching
13:19 Horse Collar
13:26 Double-Bit Axe
16:21 Bodkin Arrow
20:40 Heavy Plow
CARRY_BERRY_JDV <3
6:29 Loom
12:22 Feudal Age
13:11 Double-Bit Axe
13:33 Gold Mining
13:25 Horse Collar
16:00 Castle Age
16:27 Scale Barding Armor
16:39 Bloodlines
17:03 Bow Saw
_vishi_
1:15 Loom
12:58 Feudal Age
13:54 Double-Bit Axe
17:25 Wheelbarrow
Tsunade
10:50 Feudal Age
11:57 Double-Bit Axe
14:19 Castle Age
12:34 Horse Collar
15:23 Bow Saw
15:20 Loom
20:20 Wheelbarrow
Connection lost

Rejoining the realm…

Still unreachable

The connection could not be restored.

Session expired

The server has moved on; the page needs a fresh start.